 Dungeon Crawl Stone Soup version 0.24.0-13-gcf9b3192b9 (webtiles) character file.

Game seed: 5060720070782652005, levelgen mode: deterministic

144 Arixos the Skirmisher (level 5, -4/42 HPs)
             Began as a Demonspawn Monk on Nov 8, 2019.
             Slain by an iguana (8 damage)
             ... on level 4 of the Dungeon.
             The game lasted 00:11:40 (3678 turns).

Arixos the Skirmisher (Demonspawn Monk)             Turns: 3678, Time: 00:11:41

Health: -4/42      AC: 11    Str: 12    XL:     5   Next: 5%
Magic:  5/5        EV:  4    Int: 12    God:
Gold:   134        SH:  0    Dex: 19    Spells: 4/4 levels left

rFire    . . .     SeeInvis .   r - +0 trident
rCold    . . .     Gourm    .   (no shield)
rNeg     . . .     Faith    .   j - +0 plate armour
rPois    +         Spirit   .   (helmet restricted)
rElec    .         Reflect  .   (no cloak)
rCorr    .         Harm     .   (no gloves)
MR       .....                  (no boots)
Stlth    ..........             (no amulet)
HPRegen  0.14/turn              f - ring of poison resistance
MPRegen  0.09/turn              d - +4 ring of dexterity

@: no status effects
A: horns 1, powered by death 2
a: no special abilities


You were on level 4 of the Dungeon.
You were hungry.

You visited 1 branch of the dungeon, and saw 4 of its levels.

You collected 134 gold pieces.

Inventory:

Hand Weapons
 r - a +0 trident (weapon)
Missiles
 i - 16 poisoned darts (quivered)
Armour
 j - a +0 plate armour (worn)
Jewellery
 d - a +4 ring of dexterity (right hand)
 f - a ring of poison resistance (left hand)
Wands
 p - a wand of random effects (11)
Scrolls
 a - a scroll of amnesia {unknown}
 c - a scroll of fear {unknown}
 e - 2 scrolls of magic mapping {unknown}
 k - 2 scrolls of identify {unknown}
 l - a scroll of remove curse
 m - a scroll of teleportation {unknown}
 n - a scroll of random uselessness {unknown}
 o - a scroll of enchant armour {unknown}
 q - a scroll of noise {unknown}
 s - a scroll of immolation {unknown}
Potions
 g - 2 potions of heal wounds {unknown}
 h - 3 potions of curing {unknown}
 t - 2 potions of haste {unknown}
 u - 2 potions of invisibility {unknown}
Comestibles
 b - 6 rations


   Skills:
 + Level 4.1 Fighting
 + Level 2.2 Armour
 + Level 3.7 Dodging
 - Level 1.7 Stealth
 - Level 2.6 Unarmed Combat


You had 4 spell levels left.
You didn't know any spells.
Your spell library was empty.

Dungeon Overview and Level Annotations

Branches:
Dungeon (4/15)
 Temple: D:4-7

Altars:
Sif Muna


Innate Abilities, Weirdness & Mutations

You have a pair of small horns on your head.
You regenerate health from kills.


Message History

The iguana bites you but does no damage.
The iguana bites you!
* * * LOW HITPOINT WARNING * * *
The phantom blinks!
Your plate armour prevents you from hitting the iguana.
Your headbutt misses the iguana.
The iguana is moderately wounded.
The phantom hits you.
* * * LOW HITPOINT WARNING * * *
The iguana bites you but does no damage.
The phantom completely misses you.
You barely miss the iguana.
The iguana is moderately wounded.
The iguana completely misses you.
The phantom hits you but does no damage.
You hit the iguana.
You headbutt the iguana, but do no damage.
The iguana is moderately wounded.
The iguana bites you!
You die...

# #....####.#. .#
# #)........#.#
#.# #
#.....#####..#
#..# ######.....#
#..# #..#
..........W#
#..###..#
########'#.#
#..#..# .(#
#.#.##### #.O.#.#
#.#
#.#.....######.##
# #.#
#.#.###.W@lSO..#
#.# #...#
########## #.#
##### #.# #.# ..#
###


You could see a phantom, an ogre, an iguana and an adder.

Vanquished Creatures
  Jessica (D:3)
  An orc wizard (D:4)
  A worker ant (D:4)
  3 adders
  A worm (D:2)
  2 leopard geckos
  8 orcs
  A goblin (D:2)
  3 hobgoblins
  2 jackals (D:3)
  A quokka (D:3)
  A ball python (D:3)
  A bat (D:1)
  A frilled lizard (D:3)
  7 kobolds
  A rat (D:2)
35 creatures vanquished.

Notes
Turn   | Place    | Note
-------+----------+-------------------------------------------
     0 | D:1      | Arixos the Demonspawn Monk began the quest for the Orb.
     0 | D:1      | Reached XP level 1. HP: 18/18 MP: 1/1
   800 | D:2      | Gained mutation: You regenerate a little health from kills.
                  | [demonic ancestry]
   800 | D:2      | Reached XP level 2. HP: 17/24 MP: 2/2
  1205 | D:2      | Reached skill level 1 in Armour
  1349 | D:2      | Reached XP level 3. HP: 10/29 MP: 3/3
  1950 | D:3      | Found a shimmering blue altar of Sif Muna.
  2524 | D:3      | Noticed Jessica
  2548 | D:3      | Killed Jessica
  2548 | D:3      | Gained mutation: You have a pair of small horns on your
                  | head. [demonic ancestry]
  2548 | D:3      | Reached XP level 4. HP: 27/37 MP: 4/4
  3078 | D:4      | Noticed a phantom
  3097 | D:4      | Reached skill level 4 in Fighting
  3139 | D:4      | Gained mutation: You regenerate health from kills. [demonic
                  | ancestry]
  3139 | D:4      | Reached XP level 5. HP: 38/42 MP: 5/5
  3663 | D:4      | Noticed an ogre
  3678 | D:4      | Slain by an iguana

Levels and vault maps discovered:
D:1:      dpeg_arrival_pits, layout_basic
D:2:      layout_loops_ring
D:3:      layout_basic, lemuel_crystal_altar, grunt_decor_fettered, uniq_jessica
D:4:      minmay_diamond_boxcup, layout_basic

Skill      XL: |  1  2  3  4 |
---------------+-------------+-----
Armour         | 1 2 |  2.2
Dodging        | 3 |  3.7
Fighting       | 4 |  4.1
Stealth        | |  1.7
Unarmed Combat | |  2.6

Action                   |  1- 3 |  4- 6 || total
-------------------------+-------+-------++-------
Melee: Unarmed           |   133 |    64 ||   197
       Hand axe          |     8 |       ||     8
       Punch             |     1 |     1 ||     2
       Headbutt          |       |    27 ||    27
       Trident           |       |    19 ||    19
  Use: Scroll            |     2 |       ||     2
 Stab: Sleeping          |     2 |       ||     2
  Eat: Chunk             |     5 |     3 ||     8
Armor: Leather armour    |     4 |       ||     4
       Plate armour      |    77 |    43 ||   120
Dodge: Dodged            |    37 |    14 ||    51
